 Dungeon Crawl Stone Soup version 0.22-a0-359-g5e80d7e212 (webtiles) character file.

676 Banto the Chiller (level 7, -3/41 HPs)
             Began as an Octopode Ice Elementalist on Apr 19, 2018.
             Slain by a sky beast (6 damage)
             ... on level 5 of the Dungeon.
             The game lasted 00:06:01 (5592 turns).

Banto the Chiller (Octopode Ice Elementalist)       Turns: 5592, Time: 00:06:02

Health: -3/41      AC:  1    Str:  7    XL:     7   Next: 59%
Magic:  25/25      EV: 13    Int: 19    God:
Gold:   278        SH:  0    Dex: 13    Spells: 4/10 levels left

rFire    . . .     SeeInvis .   s - staff of power (curse)
rCold    . . .     Gourm    .   (no shield)
rNeg     . . .     Faith    .   (helmet restricted)
rPois    .         Spirit   .   u - amulet of magic regeneration
rElec    .         Reflect  .   h - ring of flight
rCorr    .         Harm     .   j - ring of protection from magic
MR       +....                  (no ring)
Stlth    ++++......             (no ring)
HPRegen  0.13/turn              (no ring)
MPRegen  0.44/turn              (no ring)
                                (no ring)
                                (no ring)

@: no status effects
A: almost no armour, stealthy swim, amphibious, 8 rings, constrict 8, camouflage
1, gelatinous body 1
a: Evoke Flight


You were on level 5 of the Dungeon.
You were very hungry.

You visited 1 branch of the dungeon, and saw 5 of its levels.

You collected 278 gold pieces.

Inventory:

Hand Weapons
 d - a +0 club
 e - a +1 vampiric dagger
Missiles
 k - 2 throwing nets (quivered)
Magical Staves
 s - a cursed staff of power (weapon)
Jewellery
 h - a ring of flight (left tentacle)
 j - a ring of protection from magic (right tentacle)
 u - an amulet of magic regeneration (around mantle)
Wands
 l - a wand of polymorph (8)
 n - a wand of paralysis (14)
Scrolls
 a - a scroll of fear
 f - 4 scrolls of teleportation {unknown}
 p - a scroll of blinking {unknown}
 v - a scroll of identify
Potions
 c - 2 potions of agility
 g - 3 potions of flight
 i - a potion of brilliance {unknown}
 m - a potion of lignification
 o - a potion of haste {unknown}
 q - a potion of resistance {unknown}
 r - a potion of degeneration {unknown}
 t - a potion of heal wounds {unknown}
Comestibles
 b - 15 rations


   Skills:
 - Level 2.0 Dodging
 + Level 7.0 Stealth
 - Level 2.0 Spellcasting
 - Level 1.0 Conjurations
 * Level 7.3 Ice Magic


You had 4 spell levels left.
You knew the following spells:

 Your Spells              Type           Power        Failure   Level  Hunger
a - Freeze                Ice            ####         1%          1    #......
b - Throw Frost           Conj/Ice       ###...       4%          2    ###....
c - Ozocubu's Armour      Chrm/Ice       ###.....     12%         3    ###....


Dungeon Overview and Level Annotations

Branches:
Dungeon (5/15)
 Temple: D:4-7

Altars:

Annotations:
D:3 Sigmund


Innate Abilities, Weirdness & Mutations

You cannot wear most types of armour.
You are very stealthy in the water. (Stealth+)
You are amphibious.
You can wear up to eight rings at the same time.
You can use your tentacles to constrict eight enemies at once.
Your skin changes colour to match your surroundings (Stealth+).
Your rubbery body absorbs attacks. (AC +1, EV +1)


Message History

You can't see any susceptible monsters within range! (Use Z to cast anyway.) Unknown command.
A sky beast appears from thin air!
Reactivating autopickup.
The sky beast flickers out of sight!
Deactivating autopickup; reactivate with Ctrl-A.
Something hits you.
* * * LOW HITPOINT WARNING * * *
Something shocks you.
* * * LOW HITPOINT WARNING * * *
You take 7 damage, and have 3/41 hp.
Casting: Freeze (safe; 1% risk of failure)
Confirm with . or Enter, or press ? or * to list all spells.
You can't see any susceptible monsters within range! (Use Z to cast anyway.) Unknown command.
There is an escape hatch in the ceiling here.
Something hits you.
* * * LOW HITPOINT WARNING * * *
Something shocks you.
You die...

# #.# #.....# # #.# #####.# #
#.# #.# # #.# #.#
################.# #.#
..............##.# #.#
.....######.#.##.# #.# ######
#.#.##.###########.#
###########.#.##@)...........#
..............)>..############
...............##.#
############
########.#####.##.#
##........... #.#
#....###..)..####### #.#
#.......<....# #.#
#.######.....# #####.#####.#
##...## #...........# #####


There were no monsters in sight!

Vanquished Creatures
  A sky beast (D:5)
  2 ogres
  2 hounds (D:5)
  A jelly (D:5)
  Ijyb (D:3)
  An iguana (D:4)
  4 worker ants
  A worker ant zombie (D:5)
  3 adders
  3 gnolls
  A shadow imp (D:5)
  An adder skeleton (D:4)
  3 worms
  4 dart slugs
  3 leopard geckos
  2 orcs
  6 bats
  4 giant cockroaches
  8 goblins
  6 hobgoblins
  15 jackals
  3 quokkas
  6 frilled lizards
  A jackal skeleton (D:5)
  8 kobolds
  A leopard gecko zombie (D:5)
  A quokka skeleton (D:4)
  5 rats
97 creatures vanquished.

Notes
Turn   | Place    | Note
-------+----------+-------------------------------------------
     0 | D:1      | Banto the Octopode Ice Elementalist began the quest for the Orb.
     0 | D:1      | Reached XP level 1. HP: 11/11 MP: 3/3
    95 | D:1      | Reached XP level 2. HP: 5/17 MP: 0/5
   769 | D:1      | Reached XP level 3. HP: 7/21 MP: 2/6
  1652 | D:2      | HP: 1/21 [gnoll/flail (11)]
  1846 | D:2      | Reached XP level 4. HP: 18/27 MP: 7/7
  2549 | D:3      | Noticed Ijyb
  2562 | D:3      | Killed Ijyb
  2562 | D:3      | Reached XP level 5. HP: 22/31 MP: 1/8
  2679 | D:3      | Noticed Sigmund
  2781 | D:3      | Learned a level 2 spell: Throw Frost
  2785 | D:3      | Learned a level 3 spell: Ozocubu's Armour
  2955 | D:3      | Reached skill level 5 in Ice Magic
  3188 | D:4      | Reached skill level 5 in Stealth
  3698 | D:4      | Noticed an ogre
  3707 | D:4      | Killed an ogre
  3707 | D:4      | Reached XP level 6. HP: 25/36 MP: 1/9
  4261 | D:5      | Entered Level 5 of the Dungeon
  4927 | D:5      | Reached XP level 7. HP: 15/41 MP: 10/10
  5592 | D:5      | Slain by a sky beast

Vault maps used:
D:1:      dpeg_arrival_court, minmay_fountain_box, corexii_leaking_fountain
D:2:      first_ration, kennysheep_donut
D:3:      kennysheep_generic_room_2, uniq_ijyb, uniq_sigmund
D:5:      kennysheep_little_box

Skill      XL: |  1  2  3  4  5  6  7 |
---------------+----------------------+-----
Stealth        | 3 4 5 6 7 |  7.0
Ice Magic      | 4 5 6 7 |  7.3
Dodging        | |  2.0
Spellcasting   | |  2.0
Conjurations   | |  1.0

Action                   |  1- 3 |  4- 6 |  7- 9 || total
-------------------------+-------+-------+-------++-------
Melee: Unarmed           |    17 |       |       ||    17
       Tentacles         |    17 |    17 |     2 ||    36
       Constrict         |    20 |    34 |     1 ||    55
       Club              |    59 |    75 |       ||   134
       Staff             |       |    50 |    10 ||    60
 Cast: Freeze            |    25 |    56 |    16 ||    97
       Throw Frost       |       |     2 |       ||     2
       Ozocubu's Armour  |       |       |     1 ||     1
  Use: Scroll            |     3 |     4 |       ||     7
 Stab: Sleeping          |    11 |    15 |     1 ||    27
  Eat: Chunk             |     3 |    10 |     2 ||    15
Armor: Skin              |     8 |    13 |     2 ||    23
Dodge: Dodged            |    66 |   137 |    16 ||   219

Table legend:
 A = Spawn XP
 B = Non-spawn XP
 C = Spawn XP percentage of total XP
 D = Spawn monster count
 E = Non-spawn monster count
 F = Spawn count percentage of total count
 G = Total turns spent on level
                    A         B        C        D         E        F      G
               +---------+---------+-------+---------+---------+-------+---------
         Total |       0 |     966 |   0.0 |       0 |      97 |   0.0 |  5592
               +---------+---------+-------+---------+---------+-------+---------
           D:1 |       0 |      43 |   0.0 |       0 |      26 |   0.0 |  1481
           D:2 |       0 |      84 |   0.0 |       0 |      21 |   0.0 |  1029
           D:3 |       0 |      65 |   0.0 |       0 |      17 |   0.0 |   559
           D:4 |       0 |     279 |   0.0 |       0 |      14 |   0.0 |  1192
           D:5 |       0 |     495 |   0.0 |       0 |      19 |   0.0 |  1331
               +---------+---------+-------+---------+---------+-------+---------

Table legend:
 A = Turns spent in this place as a percentage of turns spent in the entire game.
 B = Non-inter-level travel turns spent in this place as a percentage of non-inter-level travel turns spent in the entire game.
 C = Inter-level travel turns spent in this place as a percentage of turns spent in this place.
 D = Turns resting spent in this place as a percentage of non-inter-level travel turns spent in this place.
 E = Turns spent auto-exploring this place as a percentage of non-inter-level travel turns spent in this place.
 F = Non-inter-level travel turns spent in this place divided by the number of levels of this place that you've seen.
                   A       B       C       D       E      F
               +-------+-------+-------+-------+-------+----------------------
         Total | 100.0 | 100.0 |   1.0 |  48.7 |  35.1 | 1107.0
       Dungeon | 100.0 | 100.0 |   1.0 |  48.7 |  35.1 | 1107.0
               +-------+-------+-------+-------+-------+----------------------

Table legend:
 A = Kills in this place as a percentage of kills in entire the game.
 B = Kills by you in this place as a percentage of kills by you in the entire game.
 C = Kills by friends in this place as a percentage of kills by friends in the entire game.
 D = Other kills in this place as a percentage of other kills in the entire game.
 E = Experience gained in this place as a percentage of experience gained in the entire game.
 F = Experience gained in this place divided by the number of levels of this place that you have seen.
                   A       B       C       D       E      F
               +-------+-------+-------+-------+-------+----------------------
         Total | 100.0 | 100.0 |   N/A |   N/A | 100.0 | 193.2
       Dungeon | 100.0 | 100.0 |   N/A |   N/A | 100.0 | 193.2
               +-------+-------+-------+-------+-------+----------------------
